 Dungeon Crawl Stone Soup version 0.27.1-34-g3ba077fa99 (webtiles) character file.

Game seed: 8795365927644918264

16172 Arum the Thaumaturge (level 12, -2/83 HPs)
             Began as a Purple Draconian Conjurer on Jan 13, 2022.
             Was an Elder of Vehumet.
             Slain by a freezing wraith (7 damage)
             ... led by a death knight
             ... on level 11 of the Dungeon.
             The game lasted 00:43:49 (16688 turns).

Arum the Thaumaturge (Purple Draconian Conjurer)   Turns: 16688, Time: 00:43:49

Health: -2/83      AC: 12    Str: 10    XL:     12   Next: 7%
Magic:  46/46      EV: 12    Int: 22    God:    Vehumet [****..]
Gold:   1267       SH:  0    Dex: 11    Spells: 8/36 levels left

rFire    . . .     SeeInvis .   C - staff of conjuration
rCold    . . .     Faith    .   (no shield)
rNeg     . . .     Spirit   .   (armour unavailable)
rPois    .         Reflect  .   (helmet restricted)
rElec    .         Harm     .   u - +0 cloak
rCorr    .         Rampage  .   f - +1 pair of gloves
Will     +....                  B - +0 pair of boots
Stlth    ++........             G - amulet of the acrobat
HPRegen  0.23/turn              p - ring of magical power
MPRegen  0.30/turn              t - ring of magical power

@: about to teleport, slowed, studying Stealth, very slow
A: breathe power, AC +8, unfitting armour, cold-blooded
a: Breathe Dispelling Energy, Renounce Religion


You were on level 11 of the Dungeon.
You worshipped Vehumet.
Vehumet was greatly pleased with you.
You visited 2 branches of the dungeon, and saw 13 of its levels.
You also visited: Ossuary.

You collected 1527 gold pieces.
You spent 260 gold pieces at shops.

Inventory:

Hand Weapons
 a - a +2 hand axe of venom
Missiles
 h - a throwing net
Armour
 f - a +1 pair of gloves (worn)
 u - a +0 cloak (worn)
 B - a +0 pair of boots (worn)
Magical Staves
 C - a staff of conjuration (weapon)
Jewellery
 c - a +4 ring of evasion
 p - a ring of magical power (left hand)
 t - a ring of magical power (right hand)
 G - an amulet of the acrobat (around neck)
Wands
 l - a wand of flame (37)
 A - a wand of mindburst (3)
Scrolls
 b - 3 scrolls of enchant weapon
 d - 3 scrolls of teleportation
 e - 2 scrolls of identify
 k - a scroll of magic mapping
 o - 5 scrolls of immolation
 q - 4 scrolls of amnesia
 s - 2 scrolls of holy word
 v - 2 scrolls of enchant armour
 x - a scroll of fog
 y - a scroll of summoning
 F - a scroll of fear
Potions
 g - 2 potions of attraction
 i - 2 potions of flight
 j - 2 potions of might
 m - 2 potions of brilliance
 n - 10 potions of heal wounds
 r - a potion of mutation
 w - a potion of lignification
 z - 2 potions of berserk rage
 D - a potion of ambrosia
 H - a potion of invisibility
Miscellaneous
 E - a phantom mirror (inert)


   Skills:
 - Level 1.0 Fighting
 - Level 1.7 Dodging
 - Level 1.7 Stealth
 - Level 3.0 Unarmed Combat
 + Level 12.7 Spellcasting
 + Level 11.4 Conjurations
 - Level 5.0 Hexes
 + Level 6.4 Fire Magic
 - Level 8.0 Air Magic


You had 8 spell levels left.
You knew the following spells:

 Your Spells              Type           Power      Damage    Failure   Level
a - Magic Dart            Conj           100%       1d8       1%          1
b - Dazzling Flash        Conj/Hex       100%       N/A       1%          3
d - Fulminant Prism       Conj/Hex       33%        3d16      1%          4
e - Foxfire               Conj/Fire      100%       2x1d9     1%          1
f - Lightning Bolt        Conj/Air       35%        1d53      1%          5
g - Sticky Flame          Conj/Fire      68%        2d8       1%          4
h - Fireball              Conj/Fire      34%        3d14      1%          5
i - Bolt of Magma         Conj/Fire/Erth 28%        4d13      3%          5

Your spell library contained the following spells:

 Spells                   Type           Power      Damage    Failure   Level
 Corpse Rot               Necr/Air       N/A        N/A       1%          2
 Searing Ray              Conj           100%       3d7       1%          2
 Static Discharge         Conj/Air       71%        N/A       1%          2
 Ignite Poison            Fire/Tmut/Pois 23%        N/A       1%          3
 Mephitic Cloud           Conj/Pois/Air  59%        N/A       1%          3
 Swiftness                Air            49%        N/A       1%          3
 Iskenderun's Mystic Bla  Conj/Tloc      56%        2d12      1%          4
 Iskenderun's Battlesphe  Conj           77%        2d13      1%          5
 Conjure Ball Lightning   Conj/Air       35%        3x3d11    3%          6
 Animate Skeleton         Necr           28%        N/A       4%          1
 Pain                     Necr           56%        1d6       4%          1
 Call Imp                 Summ           14%        N/A       7%          2
 Passwall                 Tmut/Erth      11%        N/A       7%          2
 Orb of Destruction       Conj           38%        9d13      10%         7
 Vampiric Draining        Necr           7%         2d7       14%         3
 Dispel Undead            Necr           14%        3d10      41%         4
 Invisibility             Hex            18%        N/A       65%         6
 Maxwell's Capacitive Co  Air            24%        ∞         93%         8
 Death Channel            Necr           7%         N/A       100%        6


Dungeon Overview and Level Annotations

Branches:
Dungeon (12/15)            Temple (1/1) D:5            Lair (0/6) D:8
    Orc (0/2) D:10        Ossuary (visited)

Altars:
Ashenzari
Cheibriados
Dithmenos
Elyvilon
Fedhas
Gozag
Hepliaklqana
Kikubaaqudgha
Makhleb
Nemelex Xobeh
Okawaru
Qazlal
Ru
Sif Muna
Trog
Uskayaw
Vehumet
Wu Jian
Xom
Yredelemnul
Zin
The Shining One

Shops:
D:5 =   D:9 (   D:11 (


Innate Abilities, Weirdness & Mutations

You can breathe bolts of dispelling energy.
Your rich purple scales are hard. (AC +8)
You cannot fit into any form of body armour.
You are cold-blooded and may be slowed by cold attacks.


Message History

The fireball engulfs the phantasmal warrior!!
You destroy the phantasmal warrior!
Vehumet accepts your kill.
You start resting.
You have got your breath back.
You start resting.
You feel your willpower return.
You start resting.
Magic restored.
You start resting.
HP restored.
(D) Dungeon (T) Temple (L) Lair (O) Orcish Mines
Where to? (Enter - D:12, ? - help)
Things that are here:
a +0 chain mail; a +0 long sword
There is a stone staircase leading down here.
You climb downwards.
The freezing wraith hits you. The freezing wraith freezes you!
You feel yourself slow down. The freezing wraith hits you.
There is a stone staircase leading up here.
Unknown command.
The freezing wraith hits you! The freezing wraith freezes you!!
The freezing wraith hits you. The freezing wraith closely misses you.
The freezing wraith hits you! The freezing wraith drains your vigour!
You feel as though you will be slow longer.
You climb upwards.
There is a stone staircase leading down here.
The freezing wraith completely misses you. x2
You don't have any unidentified items.
Unknown command.
As you read the scroll of teleportation, it crumbles to dust.
You feel strangely unstable. The freezing wraith hits you.
The freezing wraith freezes you!!
* * * LOW HITPOINT WARNING * * *
The freezing wraith hits you.
* * * LOW HITPOINT WARNING * * *
The freezing wraith drains your vigour!
You feel as though you will be slow longer.
The freezing wraith hits you!
You die...

...........#.......#........#....
...........#.......#...(....#....
...........#.......#........#....
...........#.......#........#....
...........#.......#........#....
...........#.......#........#....
#######....#.......#........#....
...................#........#....
................@..#........#....
................W..#........#....
...................#........#....
.................>.#........#....
...................#........#....
...................##########....
...................#.............
...................#.....).......
...................#.....).......


You could see a freezing wraith.

Vanquished Creatures
  5 two-headed ogres
  A phantasmal warrior (D:11)
  Pikel (D:8)
  An orc knight (D:10)
  An ugly thing (D:11)
  A manticore (D:8)
  3 cyclopes
  Maurice (D:9)
  A gargoyle (D:12)
  A freezing wraith (D:12)
  Maggie (D:7)
  A yaktaur (D:12)
  A komodo dragon (D:11)
  A kobold demonologist (D:9)
  A troll (D:10)
  2 hornets
  3 slime creatures (D:12)
  A vampire (D:11)
  4 wraiths
  A shadow (D:11)
  2 wyverns
  A basilisk (D:11)
  4 yaks (D:12)
  An acid dragon (D:12)
  2 water moccasins
  An ice beast (D:7)
  7 orc warriors
  2 black bears
  5 centaurs
  A phantom (D:5)
  6 kobold brigands
  4 bullfrogs
  4 elf skeletons (D:4)
  2 gnoll sergeants
  3 scorpions
  A wyvern zombie (D:6)
  3 howler monkeys
  2 centaur zombies
  2 electric eels (D:10)
  5 hounds
  9 orc priests
  2 bullfrog zombies (D:6)
  4 gnoll shamans
  A jelly (D:5)
  2 human zombies (Ossuary)
  Jessica (D:2)
  2 human skeletons (D:4)
  Natasha (thrice) (D:4)
  An iguana (D:6)
  16 orc wizards
  2 howler monkey zombies
  2 mummies (Ossuary)
  24 gnolls
  7 adders
  An adder zombie (Ossuary)
  A worm (D:3)
  A dart slug (D:2)
  51 orcs
  8 ball pythons
  10 endoplasms
  3 giant cockroaches
  5 goblins
  11 hobgoblins
  4 jackals
  6 quokkas
  5 bats
  5 frilled lizards
  2 goblin zombies (Ossuary)
  11 hobgoblin zombies (Ossuary)
  A jackal zombie (Ossuary)
  31 kobolds
  11 kobold zombies (Ossuary)
  8 orc zombies (Ossuary)
  4 rats (D:2)
  A rat zombie (Ossuary)
346 creatures vanquished.

Vanquished Creatures (others)
  587 foxfires
  50 fulminant prisms
637 creatures vanquished.

Grand Total: 983 creatures vanquished

Notes
Turn   | Place    | Note
-------+----------+-------------------------------------------
     0 | D:1      | Arum the Draconian Conjurer began the quest for the Orb.
     0 | D:1      | Reached XP level 1. HP: 14/14 MP: 3/3
   344 | D:1      | Reached XP level 2. HP: 20/20 MP: 3/5
  1477 | D:2      | Reached XP level 3. HP: 27/27 MP: 3/6
  1767 | D:2      | Reached skill level 1 in Fighting
  2062 | D:2      | Reached skill level 1 in Unarmed Combat
  2255 | D:2      | Noticed Jessica
  2261 | D:2      | Killed Jessica
  2262 | D:2      | Reached XP level 4. HP: 35/35 MP: 1/8
  3065 | D:3      | Found a shimmering altar of Xom.
  3232 | D:3      | Reached skill level 3 in Spellcasting
  3272 | D:3      | Found a glowing golden altar of the Shining One.
  3405 | D:3      | Learned a level 3 spell: Dazzling Flash
  3408 | D:3      | Learned a level 2 spell: Searing Ray
  3437 | D:3      | Reached XP level 5. HP: 26/40 MP: 9/9
  3442 | D:3      | Reached skill level 5 in Conjurations
  3904 | D:4      | Reached XP level 6. HP: 5/47 MP: 7/11
  3996 | D:4      | Reached skill level 4 in Spellcasting
  4064 | D:4      | Found a sand-covered staircase.
  4083 | Ossuary  | Entered an ossuary
  5005 | D:4      | Your scales start taking on a rich purple colour.
  5005 | D:4      | Reached skill level 5 in Spellcasting
  5005 | D:4      | Reached XP level 7. HP: 34/52 MP: 9/15
  5114 | D:4      | Learned a level 4 spell: Fulminant Prism
  5166 | D:4      | Reached skill level 1 in Hexes
  5368 | D:4      | Reached skill level 6 in Spellcasting
  5387 | D:4      | Noticed Natasha
  5394 | D:4      | Killed Natasha
  5801 | D:4      | Noticed Natasha
  5804 | D:4      | Killed Natasha
  6054 | D:4      | Noticed Natasha
  6060 | D:4      | Killed Natasha
  6100 | D:5      | Entered Level 5 of the Dungeon
  6218 | D:5      | Reached XP level 8. HP: 59/59 MP: 17/17
  6317 | D:5      | Found a staircase to the Ecumenical Temple.
  6326 | Temple   | Entered the Ecumenical Temple
  6516 | Temple   | Became a worshipper of Vehumet
  6863 | D:5      | Found Fowkaxam's Jewellery Emporium.
  6990 | D:5      | Reached skill level 7 in Spellcasting
  7085 | D:5      | Found a burning altar of Makhleb.
  7746 | D:6      | Reached * piety under Vehumet
  7746 | D:6      | Offered knowledge of Foxfire by Vehumet.
  7752 | D:6      | Learned a level 1 spell: Foxfire
  7843 | D:6      | Reached skill level 1 in Fire Magic
  8043 | D:6      | Reached skill level 8 in Spellcasting
  8043 | D:6      | Reached skill level 5 in Hexes
  8295 | D:6      | Reached XP level 9. HP: 41/64 MP: 3/21
  8544 | D:6      | Offered knowledge of Static Discharge by Vehumet.
  8549 | D:6      | Found a hazy altar of Hepliaklqana.
  8552 | D:6      | Found a shadowy altar of Dithmenos.
  8617 | D:6      | Learned a level 5 spell: Lightning Bolt
  8792 | D:6      | Found a white marble altar of Elyvilon.
  8792 | D:6      | Found a sacrificial altar of Ru.
  8793 | D:6      | Found a snail-covered altar of Cheibriados.
  8793 | D:6      | Found a shimmering blue altar of Sif Muna.
  9290 | D:5      | Bought a ring of magical power for 260 gold pieces
  9333 | D:7      | Reached ** piety under Vehumet
  9334 | D:7      | Reached skill level 1 in Air Magic
  9351 | D:6      | Reached skill level 9 in Spellcasting
  9653 | D:6      | Paralysed by a hornet for 1 turns
 10056 | D:7      | Noticed Maggie
 10065 | D:7      | Killed Maggie
 10146 | D:7      | Found an iron altar of Okawaru.
 10490 | D:7      | Learned a level 4 spell: Sticky Flame
 10875 | D:8      | Offered knowledge of Inner Flame by Vehumet.
 10971 | D:8      | Noticed a two-headed ogre
 10972 | D:8      | Reached skill level 10 in Spellcasting
 10991 | D:8      | Killed a two-headed ogre
 10992 | D:8      | Reached skill level 5 in Air Magic
 10992 | D:8      | Reached XP level 10. HP: 34/71 MP: 24/24
 11407 | D:8      | Found an opulent altar of Gozag.
 11819 | D:8      | Noticed a manticore
 11822 | D:8      | Killed a manticore
 12011 | D:8      | Reached *** piety under Vehumet
 12156 | D:8      | Found a staircase to the Lair.
 12324 | D:9      | Noticed a two-headed ogre
 12332 | D:9      | Killed a two-headed ogre
 12434 | D:9      | Learned a level 5 spell: Fireball
 12592 | D:9      | Noticed a two-headed ogre
 12599 | D:9      | Killed a two-headed ogre
 12600 | D:9      | Reached skill level 11 in Spellcasting
 12606 | D:9      | Noticed Pikel
 12726 | D:8      | Killed Pikel
 12782 | D:9      | Noticed Maurice
 12789 | D:9      | Killed Maurice
 12790 | D:9      | Reached XP level 11. HP: 77/77 MP: 26/26
 12851 | D:9      | Found Moytsok's Antique Weapon Boutique.
 12981 | D:9      | Offered knowledge of Mephitic Cloud by Vehumet.
 13332 | D:10     | Entered Level 10 of the Dungeon
 13383 | D:10     | Identified a scroll of acquirement
 13384 | D:10     | Acquired 940 gold pieces
 13516 | D:10     | Reached skill level 10 in Conjurations
 13666 | D:10     | Found an ancient bone altar of Kikubaaqudgha.
 13853 | D:10     | Reached **** piety under Vehumet
 13869 | D:10     | Offered knowledge of Bolt of Magma by Vehumet.
 14018 | D:10     | Noticed an orc knight
 14029 | D:10     | Killed an orc knight
 14145 | D:10     | Found a staircase to the Orcish Mines.
 14237 | D:10     | Noticed a two-headed ogre
 14243 | D:10     | Killed a two-headed ogre
 14515 | D:11     | Learned a level 5 spell: Bolt of Magma
 14557 | D:11     | Noticed a purple ugly thing
 14567 | D:11     | Killed a purple ugly thing
 14900 | D:11     | Reached skill level 12 in Spellcasting
 15311 | D:11     | Noticed a two-headed ogre
 15314 | D:11     | Killed a two-headed ogre
 15315 | D:11     | Reached skill level 5 in Fire Magic
 15496 | D:11     | Found Daif Qoy's Antique Weapon Boutique.
 16416 | D:12     | Reached XP level 12. HP: 54/83 MP: 17/28
 16426 | D:12     | Noticed a death knight
 16688 | D:11     | Slain by a freezing wraith

Illustrated notes

Levels and vault maps discovered:
D:1:      dpeg_arrival_brainrot, layout_loops_ring
D:2:      minmay_angry_zag, layout_loops_ring, serial_co_window_serial,
          co_window_paths_a, co_window_of_opportunity_a, co_window_paths_a,
          co_window_corner_a, co_window_paths_a, co_window_of_opportunity_a,
          co_window_paths_a, co_window_corner_cb, co_window_broadway_c,
          co_window_corner_b, co_window_2corner, co_window_corner_b,
          co_window_of_opportunity_b, co_window_corner_b, co_window_paths_e,
          glass_columns_a, glass_columns_c, glass_columns_c, glass_columns_a,
          glass_columns_a, minmay_misc_feat_pillars, uniq_jessica
D:3:      layout_basic, mainiacjoe_overflow_concentric_impassable,
          lemuel_tele_altar
D:4:      layout_basic, nicolae_ossuary_entry_catacombs, uniq_natasha
D:5:      layout_loops_ring, mainiacjoe_overflow_24_doors,
          minmay_temple_entry_mini_moons, serial_shops, shop,
          minmay_splitting_lines
D:6:      cheibrodos_thug_alley, layout_basic,
          riverfiend_overflow_shadow_ancestor,
          chequers_temple_overflow_statue_of_worship
D:7:      layout_loops_cross, mainiacjoe_overflow_paths, uniq_maggie
D:8:      layout_basic, lemuel_crystal_altar, lair_entry_dummy
D:9:      layout_small_grid, serial_shops, shop, chequers_jeans, uniq_maurice,
          uniq_pikel
D:10:     layout_long_grid, mainiacjoe_overflow_surrounded_room, erik_orc_2
D:11:     layout_grid_maze, serial_shops, shop
D:12:     layout_gridville, st_stairs_6
Temple:   chequers_temple_sunken

Skill      XL: |  1  2  3  4  5  6  7  8  9 10 11 |
---------------+----------------------------------+-----
Fighting       | 1 |  1.0
Unarmed Combat | 1 2 3 |  3.0
Spellcasting   | 3 5 6 8 10 11 12 | 12.7
Conjurations   | 5 6 7 8 9 11 | 11.4
Hexes          | 3 5 |  5.0
Fire Magic     | 1 2 6 |  6.4
Air Magic      | 5 7 8 |  8.0
Dodging        | |  1.7
Stealth        | |  1.7

Action                   |  1- 3 |  4- 6 |  7- 9 | 10-12 || total
-------------------------+-------+-------+-------+-------++-------
Melee: Unarmed           |    19 |    19 |       |     6 ||    44
       Tailslap          |     1 |     2 |       |     1 ||     4
       Hand axe          |       |     8 |       |       ||     8
       Punch             |       |     1 |       |       ||     1
Throw: Throwing net      |       |       |     1 |       ||     1
 Cast: Magic Dart        |    81 |   145 |   161 |     5 ||   392
       Searing Ray       |       |    13 |    16 |     4 ||    33
       Foxfire           |       |       |   170 |   189 ||   359
       Fulminant Prism   |       |       |    25 |    25 ||    50
       Dazzling Flash    |       |       |     3 |     1 ||     4
       Lightning Bolt    |       |       |       |    40 ||    40
       Fireball          |       |       |       |    39 ||    39
       Sticky Flame      |       |       |       |    11 ||    11
       Bolt of Magma     |       |       |       |     1 ||     1
 Abil: Breathe Dispellin |       |       |     1 |     2 ||     3
Evoke: Wand              |       |       |       |     1 ||     1
       Phantom mirror    |       |       |       |     1 ||     1
  Use: Scroll            |       |    13 |     7 |     9 ||    29
       Potion            |       |       |     4 |       ||     4
Armor: Skin              |    12 |    25 |    52 |    25 ||   114
Dodge: Dodged            |    22 |    37 |    87 |    39 ||   185
